Map: Submarine LE

Players

Dream

  • Race: Terran Terran
  • League: Master
  • Spawn Location: 5:00

TYTY (TY) - Winner!

  • Race: Terran Terran
  • League: Grandmaster
  • Spawn Location: 11:00

Event: War Chest Team League

VOD

Have the link to the VOD?

Description

Time

  • Played on: Aug. 16, 2020, 12:29 p.m.
  • Length: 19:54
Show
View Real Time Build Order
Export as new Build Order

Dream Terran 

Build Orders:  

Get SALT Encoding   

  12  0:00  SCV  
  13  0:12  SCV  
  14  0:17  Supply Depot  
  14  0:24  SCV  
  15  0:39  SCV  
  15  0:41  Barracks  
  16  0:44  Refinery  
  16  0:51  SCV, Refinery  
  17  1:03  SCV  
  18  1:15  SCV  
  19  1:28  Orbital Command  
  19  1:29  Reaper  
  19  1:32  Supply Depot  
  20  1:42  Factory  
  20  1:53  SCV  
  21  2:01  Reaper  
  21  2:05  SCV  
  23  2:18  SCV, Command Center  
  24  2:28  Hellion  
  26  2:30  SCV  
  26  2:33  Supply Depot  
  27  2:37  Barracks Reactor  
  27  2:42  SCV  
  28  2:44  Starport  
  28  2:52  Factory Tech Lab  
  28  2:54  SCV  
  29  3:12  SCV, Siege Tank  
  31  3:13  Marine x2  
  33  3:24  SCV  
  33  3:25  Viking  
  36  3:31  Orbital Command  
  36  3:32  Marine  
  36  3:34  Marine  
  38  3:36  SCV  
  38  3:40  Refinery  
  39  3:47  Siege Tank  
  42  3:49  SCV  
  43  3:56  SCV, Marine  
  43  3:57  Marine  
  43  4:01  SCV  
  47  4:03  Medivac  
  47  4:05  Supply Depot  
  49  4:10  SCV  
  49  4:13  SCV  
  49  4:14  Marine x2  
  53  4:22  Siege Tank  
  47  4:25  SCV x2  
  48  4:32  Marine x2  
  48  4:37  Viking, SCV  
  50  4:40  SCV  
  51  4:49  SCV  
  51  4:50  Marine x2  
  51  4:52  SCV  
  55  4:53  Supply Depot  
  55  4:54  Siege Tank  
  58  5:02  SCV  
  58  5:04  SCV  
  60  5:09  Command Center  
  60  5:10  Marine x2  
  62  5:15  Viking  
  62  5:17  Supply Depot  
  62  5:18  SCV  
  62  5:19  SCV  
  66  5:28  Siege Tank  
  69  5:32  Marine x2  
  69  5:34  SCV x2  
  68  5:46  SCV  
  68  5:47  SCV  
  63  5:50  Marine x2  
  63  5:52  Viking  
  64  5:58  SCV  
  64  5:59  SCV  
  66  6:08  Marine x2  
  68  6:12  SCV  
  68  6:14  SCV  
  68  6:18  Siege Tank  
  66  6:24  SCV, Starport Reactor  
  66  6:25  Orbital Command  
  66  6:26  SCV, Barracks  
  66  6:32  Barracks  
  67  6:34  Barracks Tech Lab  
  67  6:36  SCV  
  67  6:38  SCV  
  69  6:47  Refinery  
  69  6:49  SCV  
  69  6:50  SCV, Siege Tank  
  69  6:53  Marine  
  75  6:56  Stimpack  
  75  6:57  SCV  
  75  7:01  SCV, Orbital Command  
  77  7:02  SCV  
  82  7:12  Medivac x2, Marine  
  82  7:13  Barracks Reactor  
  82  7:14  Barracks  
  82  7:15  SCV x2  
  85  7:16  Barracks  
  85  7:17  Engineering Bay x2  
  85  7:20  Supply Depot  
  85  7:25  Marine  
  85  7:26  Marine  
  85  7:28  SCV x2  
  89  7:30  SCV  
  89  7:34  Marine  
  91  7:40  Supply Depot x2  
  91  7:41  Siege Tank  
  92  7:44  SCV x2  
  92  7:47  Marine  
  92  7:49  Marine  
  92  7:50  SCV  
  92  7:51  Marine x2  
  92  7:52  Marine  
  92  7:56  SCV x2  
  92  7:57  Terran Infantry Weapons Level 1, Terran Infantry Armor Level 1  
  94  8:02  Medivac  
  94  8:04  SCV  
  97  8:05  Marine  
  97  8:06  Barracks Reactor x2  
  97  8:08  SCV, Marine  
  97  8:10  SCV  
  97  8:12  Marine x2  
  101  8:13  Marine  
  101  8:15  Medivac  
  106  8:21  Siege Tank  
  106  8:22  SCV, Refinery  
  106  8:23  SCV, Refinery  
  106  8:25  Marine  
  106  8:26  Marine  
  113  8:27  Supply Depot  
  113  8:30  SCV, Marine x2  
  113  8:32  Marine  
  117  8:40  Supply Depot  
  116  8:43  Marine  
  116  8:45  Supply Depot  
  116  8:46  Supply Depot  
  116  8:47  Supply Depot  
  116  8:48  Armory, Marine  
  117  8:49  Medivac, Marine  
  121  8:56  Marine  
  121  8:58  Marine x5  
  127  9:07  Marine x2  
  127  9:09  Marine  
  128  9:14  Medivac, Siege Tank  
  128  9:15  Marine x2  
  128  9:16  Marine x2  
  132  9:19  Medivac, Marine x2  
  132  9:20  Combat Shield  
  134  9:25  Supply Depot, Marine  
  134  9:30  Command Center  
  133  9:34  Marine  
  133  9:36  Marine  
  133  9:37  Marine x5  
  133  9:38  Marine  
  141  9:45  Marine  
  142  9:49  Command Center  
  142  9:52  Marine  
  141  9:54  Marine  
  141  9:55  Marine  
  141  9:56  Marine x2  
  141  9:57  Marine x3  
  149  10:01  SCV  
  149  10:03  Marine  
  149  10:04  Command Center, Sensor Tower  
  151  10:10  Marine  
  151  10:12  Marine x2  
  151  10:14  Marine x2  
  152  10:15  Marine x3  
  152  10:16  SCV x2  
  152  10:21  Supply Depot  
  149  10:31  Terran Infantry Armor Level 2, Terran Infantry Weapons Level 2  
  149  10:42  Marine x5  
  149  10:45  Marine x3  
  149  10:47  Marine  
  148  10:53  Supply Depot, Refinery  
  148  10:54  Barracks  
  146  11:00  Marine x3  
  146  11:02  Marine x4  
  146  11:03  Marine  
  140  11:05  Marine  
  125  11:15  Siege Tank  
  125  11:17  Viking x2  
  125  11:18  Marine x3  
  126  11:20  Marine  
  126  11:25  Marine x4  
  128  11:26  Marine  
  125  11:35  Marine x2  
  125  11:36  Marine  
  125  11:37  Marine  
  127  11:43  Marine  
  125  11:58  Marine  
  125  11:59  Marine x7  
  125  12:01  Marine  
  121  12:04  Medivac x2  
  123  12:16  Marine x2  
  123  12:17  Marine x5  
  123  12:18  Marine  
  123  12:20  Siege Tank  
  132  12:31  Marine  
  132  12:34  Marine x3  
  132  12:35  Marine x2  
  124  12:37  Planetary Fortress, Marine  
  124  12:38  Marine x2  
  124  12:43  Terran Vehicle Weapons Level 1  
  127  12:46  Medivac x2  
  127  12:49  Marine  
  132  12:52  Marine x4, Siege Tank  
  132  12:55  Marine  
  135  12:59  Marine x3  
  123  13:07  Marine  
  123  13:09  Marine  
  123  13:10  Marine x3  
  126  13:13  Marine  
  126  13:17  Marine x3  
  130  13:25  Marine, Siege Tank  
  134  13:27  Marine  
  134  13:28  Marine x3  
  134  13:30  Marine  
  139  13:35  Marine x3  
  134  13:42  Marine  
  134  13:45  Marine x2  
  134  13:46  Marine x2  
  132  13:48  Marine  
  132  13:52  Marine  
  132  13:53  Marine  
  132  13:54  Marine  
  136  13:55  Terran Infantry Weapons Level 3  
  136  14:00  Marine  
  136  14:01  Terran Infantry Armor Level 3  
  137  14:03  Marine x2  
  137  14:07  Siege Tank  
  140  14:11  Medivac  
  140  14:14  Marine x2  
  140  14:15  Marine x2  
  147  14:20  Supply Depot x2  
  146  14:32  Marine x2  
  146  14:34  Marine x3  
  146  14:35  Marine  
  148  14:41  Marine x2  
  148  14:45  Marine  
  150  14:49  Marine  
  148  14:53  Marine x2  
  148  14:55  Marine x2  
  148  14:59  Marine  
  149  15:00  Marine x2  
  149  15:03  Marine  
  150  15:07  Marine  
  149  15:16  Marine  
  149  15:17  Marine x3  
  149  15:18  Siege Tank  
  149  15:20  Marine  
  155  15:24  Marine  
  155  15:25  Marine x3  
  156  15:33  Marine  
  156  15:35  Marine x3  
  158  15:38  Marine  
  158  15:41  Marine  
  158  15:43  Marine x3  
  151  15:50  Siege Tank  
  151  15:51  Marine  
  151  15:53  Marine  
  151  15:55  Marine  
  155  15:57  Marine x2  
  155  16:21  Orbital Command  
  155  16:29  Supply Depot  
  155  16:31  Supply Depot  
  150  16:34  Supply Depot  
  150  16:35  Supply Depot  
  150  16:36  Supply Depot  
  150  16:43  Marine  
  150  16:44  Marine  
  150  16:46  Marine  
  149  16:47  Marine  
  149  16:51  Supply Depot x2, Marine x5, Medivac x2  
  149  16:53  Siege Tank  
  136  17:01  Marine  
  127  17:09  Marine  
  127  17:10  Marine x7  
  121  17:19  Marine  
  122  17:27  Marine  
  122  17:28  Orbital Command, Marine x7  
  128  17:37  Marine  
  128  17:44  Medivac, Marine  
  131  17:45  Marine  
  131  17:50  Medivac  
  126  18:07  Marine  
  126  18:11  Marine  
  126  18:12  Marine x2  
  118  18:13  Marine  
  112  18:29  Marine x3  
  112  18:30  Marine  
Show
View Real Time Build Order
Export as new Build Order

TYTY Terran - Winner!

Build Orders: Gas First Reaper Expand, Hellion Opening, Liberator Opening 

Get SALT Encoding   

  12  0:00  SCV  
  13  0:12  SCV  
  14  0:17  Supply Depot  
  14  0:24  SCV  
  14  0:28  Refinery  
  15  0:38  SCV  
  16  0:44  Barracks  
  16  0:50  SCV  
  17  1:02  SCV  
  18  1:15  SCV  
  19  1:31  Orbital Command  
  19  1:32  Reaper  
  20  1:41  Command Center  
  20  1:52  Factory  
  20  1:57  SCV  
  21  2:03  Supply Depot  
  21  2:05  Barracks Reactor  
  21  2:09  SCV  
  21  2:13  Refinery  
  22  2:21  SCV  
  23  2:34  SCV  
  24  2:41  Starport  
  28  2:44  Hellion x2  
  28  2:51  SCV  
  28  2:52  Barracks Tech Lab  
  28  2:55  Orbital Command  
  29  3:03  SCV  
  32  3:05  Hellion  
  32  3:10  Orbital Command  
  32  3:11  Marauder  
  34  3:13  Concussive Shells  
  34  3:19  Medivac  
  36  3:29  Hellion  
  36  3:32  Marauder  
  40  3:36  Hellion  
  40  3:41  Supply Depot  
  42  3:43  SCV  
  42  3:45  SCV  
  44  3:56  Hellion  
  44  4:02  Liberator  
  51  4:03  Hellion  
  51  4:05  Marauder  
  53  4:10  Supply Depot  
  53  4:11  SCV  
  53  4:17  SCV  
  53  4:22  Hellion  
  53  4:23  SCV  
  52  4:27  Marine  
  52  4:29  SCV  
  50  4:35  SCV  
  48  4:41  SCV  
  53  4:47  SCV  
  53  4:50  Refinery  
  50  4:52  Factory Tech Lab  
  50  4:53  SCV  
  50  4:57  Raven, Marine x2  
  50  4:59  SCV  
  56  5:05  SCV  
  57  5:12  SCV, Siege Tank  
  61  5:15  Supply Depot, Marine  
  62  5:24  SCV  
  62  5:30  Supply Depot  
  62  5:31  Command Center  
  62  5:32  SCV, Marine  
  62  5:33  Marine  
  63  5:36  SCV  
  64  5:44  SCV  
  64  5:48  Siege Tank  
  64  5:49  SCV  
  65  5:50  Marine x2  
  65  5:56  Viking  
  65  5:57  SCV  
  65  6:02  Refinery, Barracks  
  65  6:03  Barracks  
  66  6:08  Marine  
  66  6:10  SCV  
  69  6:19  SCV  
  69  6:20  Siege Tank  
  73  6:28  Barracks Reactor, Engineering Bay  
  73  6:29  Engineering Bay  
  73  6:31  SCV  
  73  6:32  SCV  
  74  6:38  Viking  
  76  6:43  SCV  
  76  6:44  SCV  
  76  6:46  Orbital Command  
  78  6:52  Siege Tank  
  81  6:54  Barracks Tech Lab x2  
  81  6:58  SCV x2  
  81  6:59  Terran Infantry Weapons Level 1  
  81  7:00  Terran Infantry Armor Level 1  
  83  7:04  Marine  
  83  7:05  Marine  
  85  7:09  Viking  
  85  7:10  SCV  
  85  7:11  SCV  
  85  7:12  Orbital Command  
  85  7:15  Stimpack  
  89  7:16  Combat Shield  
  89  7:18  Marine  
  89  7:19  Marine  
  91  7:23  SCV x2, Marine x2  
  94  7:35  SCV x2  
  96  7:37  Supply Depot x2, Marine x2, Siege Tank  
  96  7:39  Supply Depot  
  99  7:47  SCV  
  99  7:49  SCV  
  100  7:52  Supply Depot  
  100  7:54  Supply Depot  
  100  7:58  SCV  
  99  7:59  SCV  
  99  8:05  Marine x2  
  100  8:06  Armory  
  100  8:07  Barracks Reactor, Medivac x2, Missile Turret  
  100  8:09  SCV  
  100  8:10  SCV  
  108  8:14  Refinery x2  
  108  8:18  SCV  
  109  8:21  SCV, Barracks  
  109  8:22  Barracks  
  109  8:23  Marine, Siege Tank  
  109  8:25  Marine  
  115  8:31  SCV x2  
  115  8:34  SCV  
  118  8:38  Sensor Tower  
  118  8:39  Medivac  
  118  8:41  Marine  
  120  8:44  SCV x2, Supply Depot  
  120  8:46  Marine x2  
  120  8:47  Marine  
  120  8:48  Medivac  
  125  8:56  SCV x2, Supply Depot  
  125  8:57  SCV, Command Center  
  125  8:59  Marine  
  125  9:01  Siege Tank  
  130  9:10  Marine x2  
  130  9:11  SCV x2  
  130  9:12  Barracks Reactor  
  130  9:13  Barracks Reactor  
  131  9:20  Marine x2  
  131  9:21  Terran Infantry Armor Level 2, Terran Infantry Weapons Level 2  
  133  9:24  SCV x2  
  133  9:28  Medivac, Marine  
  133  9:29  Marine  
  139  9:32  SCV  
  139  9:36  SCV  
  139  9:37  Siege Tank  
  139  9:38  Marine x2  
  145  9:46  Marine  
  145  9:47  Marine  
  145  9:51  Factory  
  145  9:52  Marine x3, Barracks x2  
  149  10:00  Supply Depot x3  
  149  10:08  Medivac x2, Marine x3  
  149  10:09  Marine x2  
  149  10:10  Marine  
  149  10:12  Siege Tank  
  160  10:15  Marine  
  160  10:16  Marine  
  152  10:26  Marine x3  
  152  10:27  Marine x3  
  152  10:28  SCV x2  
  149  10:33  Marine x2  
  143  10:38  Viking  
  143  10:41  Medivac  
  139  10:44  Barracks Reactor x2, Marine x3  
  139  10:45  Marine x3  
  143  10:51  Marine  
  143  10:56  SCV  
  146  10:59  Marine  
  146  11:01  Marine  
  138  11:05  Marine x3  
  138  11:10  Marine x3, Siege Tank  
  133  11:13  SCV x3  
  138  11:18  Marine  
  138  11:19  Marine  
  138  11:24  Liberator x2  
  142  11:27  Marine x2  
  135  11:35  Planetary Fortress  
  135  11:37  Marine x6  
  135  11:38  Marine x4  
  121  11:44  Marine x2  
  123  11:48  Terran Infantry Weapons Level 3  
  123  11:55  Marine x6  
  123  11:58  Marine x3  
  123  12:01  Marine  
  132  12:02  Orbital Command  
  132  12:10  Marine  
  132  12:11  Medivac x2  
  132  12:13  Marine x3  
  132  12:14  Marine  
  132  12:15  Marine x2  
  141  12:22  Marine x4  
  143  12:27  SCV x2  
  143  12:29  SCV  
  146  12:36  Marine x3  
  133  12:37  Marine x3  
  133  12:38  Marine  
  133  12:39  Marine  
  133  12:41  Marine x2  
  133  12:43  SCV  
  139  12:44  SCV  
  139  12:46  Marine  
  139  12:49  SCV  
  142  12:54  Marine x2  
  142  12:55  SCV, Marine x2  
  138  13:01  Medivac, Siege Tank  
  138  13:03  Marine x2  
  138  13:04  Marine  
  137  13:06  Marine x2  
  137  13:08  Marine  
  137  13:10  SCV x2  
  142  13:21  Marine  
  143  13:27  Marine x5  
  148  13:35  Marine x3  
  148  13:36  Marine  
  148  13:37  Marine  
  148  13:38  Medivac  
  148  13:39  Marine  
  140  13:45  Marine x5  
  140  13:46  Medivac  
  140  13:47  Siege Tank  
  130  13:53  Marine x4  
  130  13:54  Marine  
  130  13:55  Terran Infantry Armor Level 3  
  133  13:57  Marine  
  130  14:03  Marine  
  130  14:04  Marine x4  
  130  14:06  Siege Tank  
  137  14:11  Marine x2  
  137  14:14  Liberator  
  137  14:16  Liberator  
  144  14:20  Siege Tank  
  147  14:24  Supply Depot x2  
  147  14:25  Sensor Tower  
  147  14:31  SCV  
  147  14:32  SCV  
  147  14:35  Marine x3  
  148  14:45  Marine x2, Siege Tank  
  148  14:46  Supply Depot  
  148  14:47  Supply Depot  
  152  14:52  Siege Tank  
  152  14:54  Marine x5  
  152  14:55  SCV  
  152  14:56  SCV x2  
  143  15:08  SCV x3, Medivac x2  
  145  15:15  Marine  
  145  15:16  Marine x6  
  145  15:20  SCV  
  152  15:21  Marine x2  
  152  15:25  Marine, Siege Tank  
  155  15:35  Supply Depot  
  150  15:36  Marine x2  
  150  15:37  Marine  
  144  15:55  Liberator  
  146  15:57  Orbital Command  
  145  16:15  Marine x2  
  145  16:16  Marine  
  144  16:19  Liberator  
  144  16:22  Marine x2  
  144  16:24  Marine  
  147  16:38  Siege Tank  
  150  16:41  Marine  
  150  16:42  Marine  
  150  16:46  Marine x3  
  155  16:50  Supply Depot  
  155  16:51  Orbital Command  
  155  16:56  Marine x2  
  155  16:59  Medivac  
  147  17:02  Marine  
  147  17:05  Marine  
  147  17:06  Marine  
  139  17:10  Orbital Command  
  139  17:11  Marine x2  
  139  17:15  Marine x2  
  128  17:31  Siege Tank x2  
  128  17:32  Marine x2  
  135  17:42  Marine x3  
  135  17:43  Marine x2  
  140  17:50  Marine, Sensor Tower  
  141  17:53  Marine  
  142  17:59  Marine  
  142  18:01  Marine  
  142  18:02  Marine  
  142  18:05  Liberator  
  146  18:12  Siege Tank  
  144  18:13  Marine x2  
  144  18:14  Marine  
  144  18:15  Marine  
  148  18:24  Marine x3  
  151  18:31  Marine x2  
  153  18:36  Siege Tank  
  154  18:55  Marine x3  
  154  18:56  Marine x2  
  154  19:00  Sensor Tower  
  154  19:01  Supply Depot, Marine  
  154  19:02  Viking, Marine  
  156  19:12  SCV x2  
  156  19:14  Marine  
  154  19:26  Marine x2  
  154  19:34  SCV x2  
Tags
 
Add a new tag
Caveats
  • Supply blocks, unpowered buildings, or Contaminate may cause inaccurate times.
  • Supply counts are checked every 10 seconds.